 Dungeon Crawl Stone Soup version 0.21-a0-221-gfe971b9 (webtiles) character file.

7 KristoblXynda the Grasshopper (level 2, -4/24 HPs)
             Began as a Ghoul Warper on Aug 24, 2017.
             Slain by a gnoll
             ... wielding a +0 club
              (5 damage)
             ... on level 1 of the Dungeon.
             The game lasted 00:01:18 (216 turns).

KristoblXynda the Grasshopper (Ghoul Warper)         Turns: 216, Time: 00:01:19

Health: -4/24      AC:  3    Str: 14    XL:     2   Next: 4%
Magic:  3/3        EV: 11    Int:  8    God:
Gold:   26         SH:  0    Dex:  8    Spells: 4/4 levels left

rFire    . . .     SeeInvis .   g - +0 hand axe (vamp)
rCold    + . .     Gourm    .   (no shield)
rNeg     + + +     Faith    .   a - +0 leather armour
rPois    ∞         Spirit   .   (no helmet)
rElec    .         Reflect  .   (no cloak)
rCorr    .         Harm     .   (no gloves)
MR       .....                  (no boots)
Stlth    +.........             (no amulet)
HPRegen  0.00/turn              (no ring)
MPRegen  0.08/turn              (no ring)

@: rotting
A: rotting body, claws 1, carnivore 3, cold resistance 1, negative energy
resistance 3, inhibited regeneration, torment resistance, unbreathing
a: no special abilities


You were on level 1 of the Dungeon.
You were not hungry.

You visited 1 branch of the dungeon, and saw 1 of its levels.

You collected 26 gold pieces.

Inventory:

Hand Weapons
 g - a +0 vampiric hand axe (weapon)
Missiles
 d - 5 tomahawks of dispersal (quivered)
Armour
 a - a +0 leather armour (worn)
Scrolls
 c - a scroll of blinking
 e - a scroll of amnesia {unknown}
 h - 2 scrolls of identify {unknown}
Potions
 i - a potion of haste {unknown}
Books
 b - a book of Spatial Translocations

   Spells                             Type                      Level
   a - Blink                          Translocation                2
   b - Shroud of Golubria             Charms/Translocation         2
   c - Lesser Beckoning               Translocation                3
   d - Gell's Gravitas                Translocation                3
   e - Teleport Other                 Translocation                3
   f - Passage of Golubria            Translocation                4
Comestibles
 f - 2 meat rations


   Skills:
 - Level 2.1 Fighting
 - Level 1.1 Throwing
 + Level 1.2 Armour
 + Level 1.9 Dodging
 + Level 2.4 Unarmed Combat
 - Level 1.7 Spellcasting
   Level 2.6 Translocations


You had 4 spell levels left.
You didn't know any spells.

Dungeon Overview and Level Annotations

Branches:
Dungeon (1/15)

Altars:


Innate Abilities, Weirdness & Mutations

Your body is rotting away.
You thrive on raw meat.
You are immune to poison.
You have sharp fingernails.
You are carnivorous and can eat meat at any time.
Your flesh is cold resistant. (rC+)
You are immune to negative energy. (rN+++)
You do not regenerate when monsters are visible.
You are immune to unholy pain and torment.
You can survive without breathing.


Message History

You barely miss the goblin.
The goblin is severely wounded.
The goblin barely misses you.
You hit the goblin.
You kill the goblin!
You hit the gnoll but do no damage. The gnoll misses you.
You closely miss the gnoll. The gnoll hits you with a club.
You hit the gnoll.
You feel better.
The gnoll is lightly wounded.
The gnoll hits you with a club.
* * * LOW HITPOINT WARNING * * *
You hit the gnoll.
The gnoll is moderately wounded.
The gnoll hits you with a club.
* * * LOW HITPOINT WARNING * * *
The gnoll hits you but does no damage.
You hit the gnoll.
The gnoll is severely wounded.
The gnoll hits you with a club.
You die...

......# ##
#..#%.# ......#
#.#..########.
.###### #
##............. .
#..#.#....g......
.#
.#..#..##.......
.# ...
#gg..?####.. .#
#.#. #.##### . .#
#.#.##.# .######
# #.@g.# ......#
###### .......
..###. .#### ####
....# #<.P
###...# #..≈ ###
#P.♣ #♣..


You could see a gnoll.

Vanquished Creatures
  2 goblins (D:1)
  A hobgoblin (D:1)
  2 jackals (D:1)
  2 rats (D:1)
7 creatures vanquished.

Notes
Turn   | Place    | Note
-------+----------+-------------------------------------------
     0 | D:1      | KristoblXynda the Ghoul Warper began the quest for the Orb.
     0 | D:1      | Reached XP level 1. HP: 17/17 MP: 2/2
    35 | D:1      | Reached skill level 1 in Throwing
    39 | D:1      | Reached skill level 1 in Armour
   208 | D:1      | Reached XP level 2. HP: 12/24 MP: 3/3
   215 | D:1      | HP: 1/24 [gnoll/club (4)]
   216 | D:1      | Slain by a gnoll

Vault maps used:
D:1:      tarquinn_simple_flora_water_f

Skill      XL: |  1 |
---------------+----+-----
Throwing       | 1 |  1.1
Armour         | 1 |  1.2
Fighting       | |  2.1
Dodging        | |  1.9
Unarmed Combat | |  2.4
Spellcasting   | |  1.7
Translocations | |  2.6

Action                   || total
-------------------------++-------
Melee: Unarmed           ||    20
       Hand axe          ||    10
       Punch             ||     2
Armor: Leather armour    ||     6
Dodge: Dodged            ||    20

Table legend:
 A = Spawn XP
 B = Non-spawn XP
 C = Spawn XP percentage of total XP
 D = Spawn monster count
 E = Non-spawn monster count
 F = Spawn count percentage of total count
 G = Total turns spent on level
                    A         B        C        D         E        F      G
               +---------+---------+-------+---------+---------+-------+---------
         Total |       0 |      11 |   0.0 |       0 |       7 |   0.0 |   216
               +---------+---------+-------+---------+---------+-------+---------
           D:1 |       0 |      11 |   0.0 |       0 |       7 |   0.0 |   216
               +---------+---------+-------+---------+---------+-------+---------
